 Dungeon Crawl Stone Soup version 0.24-a0-584-g9d6b971ae4 (webtiles) character file.

Game seed: 7947675859574061676, levelgen mode: deterministic

711840 Peloso the Minotaur Barricade (level 27, -10/245 HPs)
             Began as a Minotaur Fighter on Aug 28, 2019.
             Was the Champion of Okawaru.
             Mangled by a monstrous warmonger (17 damage)
             ... in Pandemonium on Aug 29, 2019.
             The game lasted 05:20:44 (81204 turns).

Peloso the Minotaur Barricade (Minotaur Fighter)   Turns: 81204, Time: 05:20:44

Health: -10/245    AC: 67    Str: 35    XL:     27
Magic:  0/31       EV: 15    Int:  3    God:    Okawaru [******]
Gold:   6448       SH: 20    Dex: 14    Spells: 28/28 levels left

rFire    + + +     SeeInvis .   a - +8 autumn katana {slice, Clar}
rCold    + + +     Gourm    .   c - +0 shield {AC+3}
rNeg     + + +     Faith    .   y - +20 crystal plate armour "Iwo Hix" {rElec rPois rC+}
rPois    +         Spirit   +   k - +1 hat of Pexegeucs {rC+ Dex+4}
rElec    +         Reflect  .   g - +4 dragonskin cloak
rCorr    +         Harm     .   w - +0 pair of gloves of Theory {rF+ rN+ Str+3 Stlth-}
MR       ++...     Clarity  +   W - +2 pair of boots {run}
Stlth    ..........             A - amulet of Intukep {Spirit +Inv rF+}
HPRegen  0.50/turn              D - ring of resist corrosion
MPRegen  0.22/turn              Q - ring of Patience {rC+ rN+}

@: weakened, sap magic, quick
A: retaliatory headbutt, horns 2, [blurry vision 1], clumsy 1, [dopey 1], [frail
1], [subdued magic 2]
}: 3/15 runes: serpentine, barnacled, silver
a: Heroism, Finesse, Renounce Religion, Evoke Invisibility


You were in Pandemonium.
You worshipped Okawaru.
Okawaru was exalted by your worship.
You were hungry.

You visited 12 branches of the dungeon, and saw 52 of its levels.
You visited Pandemonium 1 time, and saw 1 of its levels.
You visited 1 bazaar.
You also visited: Trove and Ice Cave.

You collected 9407 gold pieces.
You spent 2959 gold pieces at shops.

Inventory:

Hand Weapons
 a - the +8 autumn katana (weapon) {slice, Clar}
   (Okawaru gifted it to you on level 3 of the Elven Halls)

   It inflicts extra damage upon your enemies.
   It protects you against confusion.
 r - a +9 vampiric double sword
Armour
 c - a +0 shield of protection (worn)
 e - the +2 pair of boots of Poipt {MR- Regen+ Dex+10}
   (Okawaru gifted it to you on level 4 of the Snake Pit)

   It affects your dexterity (+10).
   It affects your resistance to hostile enchantments.
   It increases your rate of regeneration.
 g - the +4 dragonskin cloak (worn)
   (You took it off Tiamat on level 2 of the Realm of Zot)
 h - a scarf of resistance
 k - the +1 hat of Pexegeucs (worn) {rC+ Dex+4}
   (You found it in a treasure trove)

   It affects your dexterity (+4).
   It protects you from cold.
 p - the +3 pair of gauntlets of War {Slay+5}
   (You found it in a treasure trove)

   It affects your accuracy and damage with ranged weapons and melee attacks
   (+5).
 w - the +0 pair of gloves of Theory (worn) {rF+ rN+ Str+3 Stlth-}
   (You found it in a treasure trove)

   It affects your strength (+3).
   It protects you from fire.
   It protects you from negative energy.
   It makes you less stealthy.
 y - the +20 crystal plate armour "Iwo Hix" (worn) {rElec rPois rC+}
   (Okawaru gifted it to you on level 15 of the Dungeon)

   It protects you from cold.
   It insulates you from electricity.
   It protects you from poison.
 J - a scarf of cloud immunity
 W - a +2 pair of boots of running (worn)
 Z - a +0 cloak of magic resistance
Jewellery
 A - the amulet of Intukep (around neck) {Spirit +Inv rF+}
   (You took it off a deep elf annihilator on level 3 of the Elven Halls)

   [amulet of guardian spirit]

   It causes incoming damage to be split between your health and magic.
   It protects you from fire.
   It lets you turn invisible.
 D - a ring of resist corrosion (left hand)
 I - a +5 amulet of reflection
 Q - the ring of Patience (right hand) {rC+ rN+}
   (You found it on level 3 of the Crypt)

   [ring of positive energy]

   It protects you from cold.
   It protects you from negative energy.
 S - an uncursed ring of flight
Scrolls
 j - 28 scrolls of teleportation
 v - 14 scrolls of blinking
 H - 18 scrolls of identify
 K - 10 scrolls of magic mapping
 L - 26 scrolls of remove curse
Potions
 d - 3 potions of might
 i - 3 potions of haste
 o - 4 potions of flight
 s - 12 potions of curing
 t - 3 potions of mutation
 z - 8 potions of agility
 E - a potion of resistance
 R - 6 potions of berserk rage
 T - 10 potions of heal wounds
Comestibles
 f - 82 rations


   Skills:
 O Level 27 Fighting
 O Level 27 Long Blades
   Level 2.8 Polearms
 + Level 2.1 Throwing
 O Level 27 Armour
 + Level 12.0 Dodging
 + Level 4.3 Stealth
 O Level 27 Shields
 + Level 2.3 Unarmed Combat
 + Level 1.3 Spellcasting
 + Level 12.0 Invocations
 + Level 8.7 Evocations


You had 28 spell levels left.
You didn't know any spells.
Your spell library contained the following spells:

 Spells                   Type           Power        Failure   Level  Hunger
 Animate Skeleton         Necr           N/A          89%         1    ##.....
 Apportation              Tloc           #.....       89%         1    ##.....
 Beastly Appendage        Tmut           #.....       89%         1    ##.....
 Confusing Touch          Hex            #.....       89%         1    ##.....
 Corona                   Hex            #......      89%         1    ##.....
 Flame Tongue             Conj/Fire      #....        89%         1    ##.....
 Freeze                   Ice            #...         89%         1    ##.....
 Infusion                 Chrm           #...         89%         1    ##.....
 Magic Dart               Conj           #...         89%         1    ##.....
 Pain                     Necr           #...         89%         1    ##.....
 Shock                    Conj/Air       #...         89%         1    ##.....
 Sting                    Conj/Pois      #...         89%         1    ##.....
 Summon Butterflies       Summ           #.......     89%         1    ##.....
 Summon Small Mammal      Summ           #...         89%         1    ##.....
 Blink                    Tloc           N/A          96%         2    ###....
 Call Imp                 Summ           #.......     96%         2    ###....
 Corpse Rot               Necr           N/A          96%         2    ###....
 Ensorcelled Hibernation  Hex/Ice        #.....       96%         2    ###....
 Passwall                 Tmut/Erth      #.......     96%         2    ###....
 Poisonous Vapours        Pois/Air       #.....       96%         2    ###....
 Searing Ray              Conj           #.....       96%         2    ###....
 Shroud of Golubria       Chrm/Tloc      #.....       96%         2    ###....
 Slow                     Hex            #.......     96%         2    ###....
 Song of Slaying          Chrm           #.......     96%         2    ###....
 Sticks to Snakes         Tmut           #.......     96%         2    ###....
 Sublimation of Blood     Necr           #.........   96%         2    ###....
 Swiftness                Chrm/Air       #.......     96%         2    ###....
 Throw Frost              Conj/Ice       #.....       96%         2    ###....
 Confuse                  Hex            #.......     99%         3    ####...
 Conjure Flame            Conj/Fire      #.......     99%         3    ####...
 Dazzling Spray           Conj/Hex       #.....       99%         3    ####...
 Gell's Gravitas          Tloc           #.........   99%         3    ####...
 Lesser Beckoning         Tloc           #.........   99%         3    ####...
 Mephitic Cloud           Conj/Pois/Air  #.......     99%         3    ####...
 Ozocubu's Armour         Chrm/Ice       #.......     99%         3    ####...
 Portal Projectile        Hex/Tloc       #.....       99%         3    ####...
 Recall                   Summ/Tloc      N/A          99%         3    ####...
 Regeneration             Chrm/Necr      #.........   99%         3    ####...
 Spectral Weapon          Hex/Chrm       #.......     99%         3    ####...
 Spider Form              Tmut/Pois      #.........   99%         3    ####...
 Static Discharge         Conj/Air       #.......     99%         3    ####...
 Summon Guardian Golem    Hex/Summ       #.......     99%         3    ####...
 Teleport Other           Tloc           #.......     99%         3    ####...
 Tukima's Dance           Hex            #.......     99%         3    ####...
 Airstrike                Air            #.........   100%        4    #####..
 Cause Fear               Hex            #.........   100%        4    #####..
 Force Lance              Conj/Tloc      #.......     100%        4    #####..
 Fulminant Prism          Conj/Hex       #.........   100%        4    #####..
 Ice Form                 Ice/Tmut       #.......     100%        4    #####..
 Iskenderun's Mystic Bla  Conj           #.......     100%        4    #####..
 Olgreb's Toxic Radiance  Pois           #.......     100%        4    #####..
 Passage of Golubria      Tloc           N/A          100%        4    #####..
 Petrify                  Tmut/Erth      #.......     100%        4    #####..
 Summon Ice Beast         Ice/Summ       #.......     100%        4    #####..
 Summon Lightning Spire   Summ/Air       #.......     100%        4    #####..
 Throw Icicle             Conj/Ice       #.......     100%        4    #####..
 Agony                    Necr           #.......     100%        5    ######.
 Alistair's Intoxication  Tmut/Pois      #.......     100%        5    ######.
 Aura of Abjuration       Summ           #.........   100%        5    ######.
 Blade Hands              Tmut           #.........   100%        5    ######.
 Bolt of Draining         Conj/Necr      #.........   100%        5    ######.
 Borgnjor's Vile Clutch   Necr/Erth      #.........   100%        5    ######.
 Dispel Undead            Necr           #.......     100%        5    ######.
 Excruciating Wounds      Chrm/Necr      #.........   100%        5    ######.
 Lee's Rapid Deconstruct  Erth           #.........   100%        5    ######.
 Lightning Bolt           Conj/Air       #.........   100%        5    ######.
 Metabolic Englaciation   Hex/Ice        #.........   100%        5    ######.
 Silence                  Hex/Air        #.........   100%        5    ######.
 Summon Demon             Summ           #.........   100%        5    ######.
 Summon Forest            Summ/Tloc      #.........   100%        5    ######.
 Summon Mana Viper        Hex/Summ       #.......     100%        5    ######.
 Venom Bolt               Conj/Pois      #.........   100%        5    ######.
 Yara's Violent Unravell  Hex/Tmut       #.........   100%        5    ######.
 Bolt of Cold             Conj/Ice       #.........   100%        6    #######
 Bolt of Fire             Conj/Fire      #.........   100%        6    #######
 Conjure Ball Lightning   Conj/Air       #.........   100%        6    #######
 Darkness                 Hex            #.........   100%        6    #######
 Deflect Missiles         Chrm/Air       #.........   100%        6    #######
 Dispersal                Tloc           #.........   100%        6    #######
 Freezing Cloud           Conj/Ice/Air   #.........   100%        6    #######
 Invisibility             Hex            #.......     100%        6    #######
 Ozocubu's Refrigeration  Ice            #.........   100%        6    #######
 Shadow Creatures         Summ           N/A          100%        6    #######
 Simulacrum               Ice/Necr       #.........   100%        6    #######
 Dragon Form              Tmut           #.........   100%        7    #######
 Malign Gateway           Summ/Tloc      #.........   100%        7    #######
 Monstrous Menagerie      Summ           #.........   100%        7    #######
 Orb of Destruction       Conj           #.........   100%        7    #######
 Summon Greater Demon     Summ           #.........   100%        7    #######
 Summon Hydra             Summ           #.........   100%        7    #######
 Controlled Blink         Tloc           N/A          100%        8    #######
 Discord                  Hex            #.........   100%        8    #######
 Disjunction              Tloc           #.........   100%        8    #######
 Summon Horrible Things   Summ           #.........   100%        8    #######
 Dragon's Call            Summ           #.........   100%        9    #######
 Tornado                  Air            #.........   100%        9    #######


Dungeon Overview and Level Annotations

Branches:
Dungeon (15/15)            Temple (1/1) D:7            Lair (6/6) D:8
 Shoals (4/4) Lair:4        Snake (4/4) Lair:3        Slime (0/5) Lair:6
    Orc (2/2) D:12            Elf (3/3) Orc:2        Vaults (5/5) D:14
  Crypt (3/3) Vaults:2       Tomb (0/3) Crypt:3      Depths (5/5) D:15
   Hell (visited)             Zot (3/5) Depths:5      IceCv (visited)
    Dis: Hell:1         Geh: Hell:1         Coc: Hell:1         Tar: Hell:1

Altars:
Ashenzari
Cheibriados
Dithmenos
Elyvilon
Fedhas
Gozag
Hepliaklqana
Kikubaaqudgha
Makhleb
Nemelex Xobeh
Okawaru
Qazlal
Ru
Sif Muna
Trog
Uskayaw
Vehumet
Wu Jian
Xom
Yredelemnul
Zin
The Shining One
Beogh
Jiyva

Shops:
D:4 ?   D:9 (   D:10 [*   Orc:2 [*(=(   Elf:1 *   Elf:3 *   Vaults:1 :
Vaults:2 :?

Portals:
Hell: Depths:1 Depths:2 Depths:3 Depths:4 Depths:5
Abyss: Depths:1 Depths:2 Depths:4 Depths:5
Pandemonium: Depths:1 Depths:2 Depths:3 Depths:4 Depths:5
Ziggurat: Depths:2


Innate Abilities, Weirdness & Mutations

You reflexively headbutt those who attack you in melee.
You have a pair of horns on your head.
You are clumsy. (Dex -2)
[Scrolls take you a little longer to read.]
[You are dopey. (Int -2)]
[You are frail. (-10% HP)]
[Your spells are easier to cast, but less powerful.]


Message History

You headbutt the monstrous warmonger, but do no damage.
You riposte.
You hit the monstrous warmonger.
Your headbutt misses the monstrous warmonger.
The monstrous warmonger is moderately wounded.
The monstrous warmonger claws you but does no damage.
You block the monstrous warmonger's attack.
The monstrous demonspawn hits you but does no damage.
You block the monstrous demonspawn's attack.
The monstrous demonspawn barely misses you.
The Ice Fiend calls on the powers of darkness!
Your body is wracked with pain!
* * * LOW HITPOINT WARNING * * *
You block the monstrous demonspawn's attack.
The monstrous demonspawn closely misses you.
You block the monstrous demonspawn's attack.
The monstrous warmonger hits you!!
* * * LOW HITPOINT WARNING * * *
The monstrous warmonger claws you but does no damage.
The monstrous warmonger gores you!
You die...

.......................
.......................
.........[$............
.......................
.....33.1..............
....................
...2................
..........6......!.#
.........##@6).....#
##......#.666.......
#.........4........
........#.........
.................
.........?......
................
................ .
...##.........


You could see 2 demonspawn, an Ice Fiend, a monstrous warmonger (berserk), a
gelid demonspawn, a torturous demonspawn and an ice devil (inner flame).

Vanquished Creatures
  Tiamat (Zot:2)
  Mennas (Vaults:2)
  2 orbs of fire (Zot:1)
  5 ancient liches
  A juggernaut (Depths:3)
  A greater mummy (Crypt:3)
  Boris (Crypt:3)
  A Killer Klown (Zot:1)
  Frederick (Vaults:1)
  2 curse toes
  Xtahua (Vaults:2)
  Geryon (Hell)
  The ghost of Silenceoftheyaks the Wrestler, an adept TrHu of Okawaru (Shoals:3)
  11 golden dragons
  Jory (Depths:5)
  A profane servitor (Depths:1)
  Jorgrun (Shoals:2)
  Rupert (Lair:5)
  4 liches
  18 tentacled monstrosities
  Asterion (Vaults:1)
  6 quicksilver dragons
  6 titans
  2 deep elf master archers (Elf:3)
  2 deep elf blademasters (Elf:3)
  Polyphemus (Shoals:3)
  5 sphinxes
  Murray (Depths:5)
  3 ancient champions (Crypt:1)
  3 death cobs
  A kraken (Shoals:1)
  6 shadow dragons
  Agnes (D:15)
  9 draconian monks
  5 tengu reavers
  12 fire giants
  9 storm dragons
  15 frost giants
  15 nagarajas
  A blood saint (Pan)
  A corrupter (Pan)
  18 vault wardens
  5 orc warlords
  8 draconian knights
  9 deep elf sorcerers
  4 iron dragons
  3 ghost moths
  Louise (D:15)
  6 draconian annihilators
  10 ironheart preservers
  6 reapers
  3 curse skulls
  5 spriggan defenders
  6 draconian shifters
  7 deep elf elementalists
  8 draconian scorchers
  A balrug (Hell)
  6 draconian stormcallers
  A juggernaut skeleton (Depths:3)
  20 stone giants
  2 black suns (Pan)
  5 vampire knights
  16 green draconians
  10 black draconians
  36 very ugly things
  10 deep elf demonologists
  12 deep elf annihilators
  10 red draconians
  A dire elephant (Lair:3)
  15 yellow draconians
  A lorocyproca (Hell)
  8 white draconians
  Nessos (Lair:4)
  9 spark wasps
  Azrael (D:15)
  12 purple draconians
  2 pearl dragon zombies (Depths:1)
  7 deep elf death magi
  10 eidola
  2 green deaths
  3 merfolk javelineers
  5 crystal guardians (Elf:3)
  13 ettins
  Snorg (Lair:5)
  3 blizzard demons
  Josephine (Shoals:1)
  9 merfolk impalers
  10 deep elf high priests
  13 yaktaur captains
  3 jiangshi
  14 fire dragons
  Erolcha (D:10)
  10 great orbs of eyes
  A monstrous demonspawn (Pan)
  30 vault guards
  8 hydras
  2 spriggan air magi
  5 rakshasas
  14 ice dragons
  6 naga warriors
  4 merfolk avatars
  6 merfolk aquamancers (Shoals:3)
  25 anacondas
  7 death knights
  3 catoblepae
  27 dancing weapons
  14 centaur warriors
  3 satyrs
  4 tengu warriors
  29 two-headed ogres
  10 ogre magi
  5 death yaks
  8 deep troll shamans
  12 deep troll earth magi
  10 naga sharpshooters
  4 spriggan berserkers
  Nergalle (D:10)
  11 hell hogs
  9 soul eaters
  3 vampire magi
  7 shock serpents
  Sonja (D:10)
  6 orc high priests
  A titan zombie (Crypt:3)
  2 sun demons
  A shadow wraith (Vaults:4)
  17 deep elf knights
  A titan skeleton (Depths:3)
  3 salamander mystics
  2 sixfirhies (Pan)
  3 unseen horrors
  3 golden dragon zombies (Crypt:3)
  36 skeletal warriors
  3 glowing orange brains
  A sea snake (shapeshifter) (Depths:4)
  An unseen horror (shapeshifter) (Depths:3)
  10 hell knights
  A ghost moth zombie (Crypt:3)
  An anaconda zombie (Crypt:1)
  An infernal demonspawn (Depths:4)
  7 flayed ghosts
  5 wizards
  13 sea snakes
  3 shadow demons (Pan)
  A torturous demonspawn (Depths:4)
  28 deep trolls
  A deep troll (shapeshifter) (Depths:2)
  13 ironbrand convokers
  15 phantasmal warriors
  9 naga ritualists
  9 deep elf archers
  30 harpies
  10 mana vipers
  33 orc knights
  A shadow dragon zombie (Crypt:3)
  13 necromancers
  8 orc sorcerers
  An anaconda skeleton (Hell)
  A wolf spider (shapeshifter) (Vaults:5)
  A mana viper (shapeshifter) (Depths:5)
  42 ugly things
  72 deep elf magi
  19 manticores
  2 stone giant zombies (Crypt:3)
  A frost giant zombie (Crypt:3)
  A salamander (shapeshifter) (D:13)
  A wolf spider zombie (Crypt:3)
  26 fauns
  4 oklob plants
  A cyclops (shapeshifter) (Depths:3)
  5 cyclopes
  A shadow dragon skeleton (Crypt:3)
  18 salamanders
  3 black mambas (shapeshifter)
  9 wolf spiders
  4 apis skeletons (Depths:1)
  An iron dragon skeleton (Crypt:3)
  13 moths of wrath
  4 large abominations (Depths:2)
  11 merfolk sirens
  2 spriggan zombies (Depths:3)
  33 elephants
  2 dire elephant zombies
  2 fire giant skeletons
  A rust devil (Depths:2)
  A stone giant skeleton (Crypt:3)
  11 guardian serpents
  43 black mambas
  8 vault sentinels
  5 water nymphs
  4 smoke demons
  16 naga magi
  A guardian serpent (shapeshifter) (Elf:1)
  A torpor snail (Lair:6)
  5 gargoyles
  A hellion (Depths:5)
  An emperor scorpion zombie (Crypt:3)
  An orange demon (Depths:4)
  A dire elephant skeleton (Crypt:3)
  A shock serpent skeleton (Crypt:3)
  A yellow draconian zombie (Crypt:2)
  31 spiny frogs
  6 rime drakes (D:14)
  18 komodo dragons
  9 small abominations
  52 yaktaurs
  3 efreet
  17 freezing wraiths
  4 anaconda simulacra (IceCv)
  8 ice devils
  A catoblepas skeleton (Crypt:3)
  A death yak skeleton (Crypt:1)
  A tormentor (Depths:4)
  6 red devils
  16 hellwings
  A black draconian skeleton (Crypt:1)
  A tengu conjurer (Depths:4)
  2 golden dragon simulacra (IceCv)
  2 queen bees
  A queen bee (shapeshifter) (Vaults:5)
  A jumping spider (shapeshifter) (Vaults:3)
  2 guardian mummies (Crypt:3)
  3 jumping spiders (Crypt:3)
  4 tyrant leeches (Lair:6)
  A hydra skeleton (Crypt:3)
  A meliai (shapeshifter) (Vaults:3)
  4 meliai
  26 merfolk
  A polar bear (shapeshifter) (D:15)
  2 hornets
  15 trolls
  6 wind drakes
  14 slime creatures
  3 polar bears
  16 blink frogs
  6 snapping turtles
  15 hippogriffs
  A hippogriff (shapeshifter) (Vaults:5)
  An ice dragon zombie (Crypt:3)
  A fire dragon zombie (Crypt:3)
  3 dream sheep (Shoals:4)
  A harpy skeleton (Crypt:3)
  An ettin zombie (Crypt:1)
  A frost giant simulacrum (Vaults:1)
  Sigmund (D:5)
  A redback (Crypt:3)
  6 shadows
  2 spriggans
  2 air elementals (Elf:1)
  A black mamba zombie (Crypt:3)
  A dire elephant simulacrum (IceCv)
  A wyvern (shapeshifter) (Depths:1)
  7 wyverns
  An ushabti (Crypt:3)
  8 basilisks
  2 vampires
  18 wraiths
  The ghost of pentaxis93 the Magician, an amateur SpEn (D:4)
  8 fire elementals
  A hog (shapeshifter) (Vaults:1)
  A black mamba skeleton (Crypt:3)
  A tarantella (shapeshifter) (Depths:2)
  23 water elementals
  18 vampire mosquitoes
  29 yaks
  21 humans (D:14)
  2 fire bats (Depths:1)
  A steam dragon (D:4)
  A death yak simulacrum (IceCv)
  3 hungry ghosts
  2 chaos spawn (Depths:2)
  4 wargs
  48 nagas
  Menkaure (D:5)
  3 soldier ants
  3 acid dragons (D:14)
  A swamp worm (shapeshifter) (Depths:3)
  6 harpy simulacra (IceCv)
  13 water moccasins
  A deep troll zombie (Crypt:2)
  A floating eye (Depths:3)
  7 hell hounds
  A spiny frog zombie (Crypt:3)
  Duvessa (D:5)
  10 porcupines
  A floating eye (shapeshifter) (Vaults:3)
  3 sky beasts
  77 orc warriors
  A snapping turtle zombie (Crypt:3)
  An ice beast (shapeshifter) (D:10)
  6 ice beasts
  An alligator simulacrum (IceCv)
  2 ettin simulacra (IceCv)
  A black bear (shapeshifter) (Vaults:5)
  A black bear (Lair:4)
  An eye of draining (D:12)
  28 ogres
  2 necrophages
  7 boggarts
  29 centaurs
  9 crocodiles
  A draconian zombie (Crypt:1)
  A gnoll sergeant (D:12)
  30 bullfrogs
  Blork the orc (D:9)
  A glowing shapeshifter simulacrum (Vaults:3)
  A komodo dragon skeleton (Crypt:1)
  Dowan (D:5)
  4 earth elementals
  An elf skeleton (Crypt:3)
  12 wyvern skeletons
  A water moccasin skeleton (Crypt:2)
  5 scorpions
  6 wights
  A swamp dragon simulacrum (IceCv)
  48 killer bees
  2 electric eels
  9 howler monkeys
  2 centaur zombies
  2 bullfrog zombies
  13 crimson imps
  4 hounds
  A lava snake (Orc:1)
  6 quasits
  Crazy Yiuf (D:5)
  4 centaur skeletons
  8 jellies
  2 draconian simulacra (IceCv)
  A bullfrog skeleton (D:5)
  34 orc priests
  An iron imp (Depths:4)
  35 orc wizards
  3 iguanas
  11 worker ants
  A human skeleton (Crypt:3)
  A spriggan simulacrum (IceCv)
  A troll simulacrum (IceCv)
  2 wolf simulacra (IceCv)
  A demigod zombie (Crypt:1)
  3 centaur simulacra (IceCv)
  2 felid zombies (Crypt:2)
  3 hound skeletons
  7 gnolls
  2 howler monkey skeletons
  17 adders
  2 naga simulacra (IceCv)
  2 shadow imps
  7 white imps
  8 ufetubi
  An adder zombie (D:4)
  An iguana zombie (Crypt:2)
  2 oozes (Lair:6)
  3 worms
  4 dart slugs
  6 leopard geckos
  164 orcs
  4 bats
  6 giant cockroaches
  8 goblins
  7 hobgoblins
  17 jackals
  4 quokkas
  5 ball pythons
  4 frilled lizards
  A frilled lizard zombie (Crypt:2)
  A jackal skeleton (Crypt:1)
  10 kobolds
  A leopard gecko skeleton (D:3)
  An orc skeleton (Crypt:2)
  An orc zombie (Crypt:3)
  2 quokka skeletons
  8 rats
  A crawling corpse (Elf:3)
  4 fungi
  18 plants
  A tentacle (Shoals:1)
  4 withered plants (Crypt:3)
2830 creatures vanquished.

Vanquished Creatures (others)
  A draconian knight (Depths:5)
  2 deep elf magi (Elf:1)
  A manticore (Shoals:3)
  A freezing wraith (Hell)
  A hell hound (D:15)
  A spiny frog skeleton (Hell)
  A boggart (Depths:4)
  An orc (Vaults:4)
  19 fungi
  33 plants
  5 tentacles (Shoals:1)
  A withered plant (Crypt:3)
67 creatures vanquished.

Grand Total: 2897 creatures vanquished

Notes
Turn   | Place    | Note
-------+----------+-------------------------------------------
     0 | D:1      | Peloso the Minotaur Fighter began the quest for the Orb.
     0 | D:1      | Reached XP level 1. HP: 19/19 MP: 0/0
   106 | D:1      | Reached XP level 2. HP: 23/27 MP: 1/1
   572 | D:2      | Reached XP level 3. HP: 33/33 MP: 2/2
   731 | D:2      | Reached XP level 4. HP: 25/40 MP: 3/3
  1256 | D:3      | Reached skill level 1 in Dodging
  1264 | D:3      | Found a white marble altar of Elyvilon.
  1264 | D:3      | Noticed an orc warrior
  1267 | D:3      | Reached XP level 5. HP: 28/47 MP: 4/4
  1285 | D:3      | Killed an orc warrior
  1285 | D:3      | Reached skill level 5 in Shields
  1401 | D:3      | Found a glowing golden altar of the Shining One.
  1685 | D:3      | Reached XP level 6. HP: 49/53 MP: 5/5
  1708 | D:3      | Reached skill level 5 in Long Blades
  2036 | D:4      | Found Reedib's Magic Scroll Boutique.
  2052 | D:4      | Reached skill level 5 in Armour
  2068 | D:4      | Bought a scroll of random uselessness for 13 gold pieces
  2068 | D:4      | Bought a scroll of identify for 26 gold pieces
  2068 | D:4      | Bought a scroll of teleportation for 39 gold pieces
  2068 | D:4      | Bought a scroll of remove curse for 39 gold pieces
  2068 | D:4      | Bought a scroll of fear for 45 gold pieces
  2117 | D:4      | Found a shimmering altar of Xom.
  2188 | D:4      | Found a transporter.
  2188 | D:4      | Noticed pentaxis93's ghost (amateur SpEn)
  2243 | D:4      | Found a transporter.
  2502 | D:4      | Noticed a steam dragon
  2514 | D:4      | Killed a steam dragon
  2514 | D:4      | Reached skill level 5 in Fighting
  2514 | D:4      | Reached XP level 7. HP: 48/61 MP: 6/6
  2557 | D:5      | Entered Level 5 of the Dungeon
  2561 | D:5      | Noticed Duvessa
  2561 | D:5      | Noticed Dowan
  2585 | D:5      | Killed Duvessa
  2589 | D:5      | Killed Dowan
  2993 | D:5      | Reached XP level 8. HP: 53/68 MP: 7/7
  3019 | D:5      | Noticed Menkaure
  3025 | D:5      | Killed Menkaure
  3241 | D:5      | Found a runed translucent door.
  3242 | D:5      | Noticed Crazy Yiuf
  3320 | D:5      | Noticed Sigmund
  3623 | D:5      | Killed Sigmund
  4064 | D:5      | Killed Crazy Yiuf
  4247 | D:6      | Noticed a +0 hand axe
  4248 | D:6      | Found a hide-covered altar of Uskayaw.
  4248 | D:6      | Noticed a +0 hand axe
  4649 | D:6      | Found a radiant altar of Vehumet.
  4890 | D:7      | Reached XP level 9. HP: 61/75 MP: 8/8
  5064 | D:7      | Found a staircase to the Ecumenical Temple.
  5080 | Temple   | Entered the Ecumenical Temple
  5941 | D:7      | Found an ancient bone altar of Kikubaaqudgha.
  6494 | D:8      | Noticed a fire dragon
  6517 | D:8      | Killed a fire dragon
  6517 | D:8      | Reached skill level 10 in Long Blades
  6549 | D:8      | Found a staircase to the Lair.
  6808 | D:8      | Reached XP level 10. HP: 83/86 MP: 9/9
  6927 | D:8      | Noticed a two-headed ogre
  7384 | D:7      | Killed a two-headed ogre
  7632 | D:8      | Reached skill level 1 in Stealth
  8175 | D:8      | Found an iron altar of Okawaru.
  8209 | D:8      | Became a worshipper of Warmaster Okawaru
  8470 | D:4      | Killed pentaxis93's ghost
  8977 | D:9      | Found Tuiloxes's Antique Weapon Shoppe.
  9079 | D:9      | Found a basalt altar of Yredelemnul.
  9079 | D:9      | Found a burning altar of Makhleb.
  9115 | D:9      | Found a blossoming altar of Fedhas.
  9204 | D:9      | Reached * piety under Okawaru
  9317 | D:9      | Noticed Blork the orc
  9329 | D:9      | Killed Blork the orc
  9338 | D:9      | Found a shimmering blue altar of Sif Muna.
  9647 | D:9      | Noticed a centaur warrior
  9652 | D:9      | Reached skill level 10 in Armour
  9659 | D:9      | Reached XP level 11. HP: 67/96 MP: 7/10
  9662 | D:9      | Noticed a two-headed ogre
  9673 | D:9      | Killed a centaur warrior
  9673 | D:9      | Reached ** piety under Okawaru
  9681 | D:9      | Killed a two-headed ogre
  9681 | D:9      | Reached skill level 10 in Shields
 10015 | D:9      | Got a spiked leather armour
 10085 | D:9      | Found a shadowy altar of Dithmenos.
 10086 | D:9      | Found a hazy altar of Hepliaklqana.
 10943 | D:9      | Found a shattered altar of Ashenzari.
 11009 | D:9      | Identified the cursed +0 leather armour of Kussoc {rC+}
                  | (You found it on level 9 of the Dungeon)
 11025 | D:10     | Entered Level 10 of the Dungeon
 11193 | D:10     | Reached *** piety under Okawaru
 11671 | D:10     | Reached **** piety under Okawaru
 11771 | D:10     | Noticed Nergalle
 11787 | D:10     | Killed Nergalle
 11908 | D:10     | Found Ymaon's General Store.
 11932 | D:10     | Bought a scroll of blinking for 127 gold pieces
 11932 | D:10     | Bought a potion of cancellation for 136 gold pieces
 11983 | D:10     | Noticed a green ugly thing
 11995 | D:10     | Killed a green ugly thing
 11995 | D:10     | Reached skill level 10 in Fighting
 12021 | D:10     | Noticed Erolcha
 12030 | D:10     | Killed Erolcha
 12030 | D:10     | Reached ***** piety under Okawaru
 12162 | D:10     | Noticed Sonja
 12166 | D:10     | Killed Sonja
 12166 | D:10     | Reached XP level 12. HP: 88/106 MP: 11/11
 12334 | D:10     | Found Jaiso's Armour Emporium.
 12484 | D:11     | Noticed a five-headed hydra
 12494 | D:11     | Killed a five-headed hydra
 12494 | D:11     | Reached skill level 1 in Invocations
 12605 | D:11     | Reached skill level 1 in Evocations
 12612 | D:11     | Got a bloodstained dagger
 12613 | D:11     | Identified the +1 dagger of the Moth {drain, +Inv Str+5}
                  | (You found it on level 11 of the Dungeon)
 12717 | D:11     | Noticed a five-headed hydra
 13214 | D:11     | Killed a five-headed hydra
 13274 | D:11     | Found a sacrificial altar of Ru.
 13850 | D:12     | Noticed a two-headed ogre
 13859 | D:12     | Killed a two-headed ogre
 13912 | D:12     | Received a gift from Okawaru
 14135 | D:12     | Noticed a six-headed hydra
 14141 | D:12     | Killed a six-headed hydra
 14248 | D:12     | Found a staircase to the Orcish Mines.
 14397 | D:12     | Found a roughly hewn altar of Beogh.
 15651 | Lair:1   | Entered Level 1 of the Lair of Beasts
 16514 | Lair:1   | Reached XP level 13. HP: 104/115 MP: 13/13
 16581 | Lair:1   | Got a twisted chain mail
 16592 | Lair:1   | Identified the +6 chain mail of Ru's Anger {MR+ Str+5} (You
                  | found it on level 1 of the Lair of Beasts)
 16750 | Lair:1   | Received a gift from Okawaru
 17242 | Lair:2   | Reached ****** piety under Okawaru
 18059 | D:13     | Found a bloodstained altar of Trog.
 18593 | D:13     | Reached skill level 5 in Dodging
 19284 | D:13     | Reached skill level 15 in Long Blades
 20219 | Orc:1    | Entered Level 1 of the Orcish Mines
 20628 | Orc:1    | Received a gift from Okawaru
 21035 | Orc:2    | Entered Level 2 of the Orcish Mines
 21267 | Orc:2    | Paralysed by an orc sorcerer for 4 turns
 21534 | Orc:2    | Reached skill level 15 in Shields
 21847 | Orc:2    | Reached XP level 14. HP: 126/126 MP: 12/14
 22579 | Orc:2    | Noticed an orc warlord
 22706 | Orc:1    | Killed an orc warlord
 22798 | Orc:2    | Found Efrie's Weapon Shop.
 22899 | Orc:2    | Found a staircase to the Elven Halls.
 23152 | Orc:2    | Found Tuph's Antique Armour Shoppe.
 23153 | Orc:2    | Found Kycvang's Antique Weapon Shoppe.
 23154 | Orc:2    | Found Amicaugi's General Store.
 23154 | Orc:2    | Found Ocus's Jewellery Emporium.
 23171 | Orc:2    | Bought a dazzling short sword for 184 gold pieces
 23172 | Orc:2    | Identified the +5 short sword of Malaise {freeze, Stlth+}
                  | (You bought it in a shop on level 2 of the Orcish Mines)
 23558 | Lair:3   | Found a staircase to the Snake Pit.
 23655 | Lair:3   | Received a gift from Okawaru
 23727 | Lair:3   | Reached skill level 1 in Polearms
 24207 | Lair:3   | Received a gift from Okawaru
 24239 | Lair:3   | Got an encrusted hat {god gift}
 24245 | Lair:3   | Identified the +0 hat of Rizy {rF- rC+ Regen+ Dex+6}
                  | (Okawaru gifted it to you on level 3 of the Lair of Beasts)
 24831 | Lair:4   | Found a staircase to the Shoals.
 24908 | Lair:4   | Noticed Nessos
 24920 | Lair:4   | Killed Nessos
 25173 | Lair:5   | Noticed Snorg
 25182 | Lair:5   | Killed Snorg
 25249 | Lair:5   | Reached XP level 15. HP: 105/136 MP: 15/15
 25561 | Lair:5   | Received a gift from Okawaru
 26428 | Lair:6   | Entered Level 6 of the Lair of Beasts
 26921 | Lair:6   | Noticed Rupert
 26943 | Lair:5   | Killed Rupert
 27204 | Lair:6   | Identified 3 scrolls of acquirement
 27207 | Lair:6   | Found a runed translucent door.
 27207 | Lair:6   | Found a viscous altar of Jiyva.
 27211 | Lair:6   | Found a staircase to the Slime Pits.
 27726 | Lair:6   | Received a gift from Okawaru
 27744 | Lair:6   | Identified Nuyg's Collected Works on Evil Magic
 28870 | D:14     | Reached skill level 15 in Fighting
 29097 | D:14     | Received a gift from Okawaru
 29116 | D:14     | Got a pitted shortbow {god gift}
 29117 | D:14     | Identified the +1 shortbow of Insufficient Pleasure {flame,
                  | *Slow +Inv rPois rF+} (Okawaru gifted it to you on level 14
                  | of the Dungeon)
 29145 | D:14     | Reached XP level 16. HP: 113/148 MP: 16/16
 29481 | D:14     | Found a gate to the Vaults.
 29838 | Snake:1  | Entered Level 1 of the Snake Pit
 30703 | Snake:1  | Received a gift from Okawaru
 32211 | Snake:2  | Received a gift from Okawaru
 32214 | Snake:2  | Got a translucent chain mail {god gift}
 32225 | Snake:2  | Identified the +3 chain mail of the Frog {rF+} (Okawaru
                  | gifted it to you on level 2 of the Snake Pit)
 32269 | Snake:3  | Found an iron altar of Okawaru.
 32368 | Snake:3  | Reached skill level 15 in Armour
 32476 | Snake:3  | Reached XP level 17. HP: 55/158 MP: 17/17
 33390 | Shoals:1 | Entered Level 1 of the Shoals
 33512 | Shoals:1 | Found a frozen archway.
 33549 | IceCv    | Entered an ice cave
 33761 | IceCv    | HP: 1/159 [golden dragon simulacrum (10)]
 34378 | IceCv    | Identified the Grimoire of Gliding Cold
 34972 | Shoals:1 | Noticed Josephine
 34985 | Shoals:1 | Killed Josephine
 34985 | Shoals:1 | Received a gift from Okawaru
 35196 | Shoals:1 | Noticed a kraken
 35212 | Shoals:1 | Killed a kraken
 35856 | Snake:4  | Entered Level 4 of the Snake Pit
 36235 | Snake:4  | Received a gift from Okawaru
 36732 | Snake:4  | Reached XP level 18. HP: 133/169 MP: 18/18
 36828 | Snake:4  | Received a gift from Okawaru
 36864 | Snake:4  | Got a translucent trident {god gift}
 37109 | Snake:4  | Got a scorched double sword {god gift}
 37110 | Snake:4  | Identified the +9 double sword "Lehafimm" {slice, Str+2}
                  | (Okawaru gifted it to you on level 4 of the Snake Pit)
 37479 | Snake:4  | Identified the +0 trident "Qeot" {flame, *Drain Dex+7}
                  | (Okawaru gifted it to you on level 4 of the Snake Pit)
 38494 | Snake:4  | Received a gift from Okawaru
 38497 | Snake:4  | Got a pair of translucent boots {god gift}
 38508 | Snake:4  | Identified the +2 pair of boots of Poipt {MR- Regen+
                  | Dex+10} (Okawaru gifted it to you on level 4 of the Snake
                  | Pit)
 38587 | Snake:4  | Got a serpentine rune of Zot
 39256 | Shoals:2 | Noticed Jorgrun
 39376 | Shoals:2 | Killed Jorgrun
 40062 | Shoals:3 | Found a runed translucent gate.
 40062 | Shoals:3 | Found a runed translucent gate.
 40065 | Shoals:3 | Noticed Silenceoftheyaks's ghost (adept TrHu)
 40066 | Shoals:3 | Found a runed translucent gate.
 40154 | Shoals:3 | Noticed Polyphemus
 40186 | Shoals:3 | Killed Polyphemus
 41012 | Shoals:4 | Entered Level 4 of the Shoals
 41077 | Shoals:3 | Reached XP level 19. HP: 179/179 MP: 20/20
 41210 | Shoals:3 | Received a gift from Okawaru
 41404 | Shoals:4 | Got a barnacled rune of Zot
 41407 | Shoals:4 | Got a bloodstained hunting sling
 41408 | Shoals:4 | Identified the cursed +2 hunting sling of Innocence {venom,
                  | SInv} (You found it on level 4 of the Shoals)
 41821 | Shoals:4 | Identified the Reference Book on Displaced Flight
 42594 | Shoals:3 | Got a pair of spiked gloves
 42598 | Shoals:3 | Got a translucent mace
 42624 | Shoals:3 | Killed Silenceoftheyaks's ghost
 42674 | Shoals:4 | Identified the +0 pair of gloves of the Ward {Str+2} (You
                  | found it on level 3 of the Shoals)
 42678 | Shoals:4 | Identified the +2 mace of Biuxoc Kitad {freeze, rN+ Stlth+}
                  | (You found it on level 3 of the Shoals)
 43144 | Elf:1    | Entered Level 1 of the Elven Halls
 43352 | Elf:1    | Found Saxokk's General Store.
 43356 | Elf:1    | Bought a scroll of acquirement for 624 gold pieces
 43966 | Elf:1    | Found an ancient bone altar of Kikubaaqudgha.
 44064 | Elf:1    | Identified the Incunabulum of Calling
 44198 | Elf:1    | Received a gift from Okawaru
 45094 | Elf:2    | Found a runed translucent gate.
 45100 | Elf:2    | Found a runed translucent gate.
 45100 | Elf:2    | Found a runed translucent gate.
 45207 | Elf:2    | Got a fine robe
 45208 | Elf:2    | Identified the +2 robe of a bazaar {rElec} (You found it on
                  | level 2 of the Elven Halls)
 45292 | Elf:3    | Entered Level 3 of the Elven Halls
 45369 | Elf:3    | Found Walat's Assorted Antiques.
 45377 | Elf:3    | Bought the +3 crown of Dyrovepreva {rElec Int+2 SInv} for
                  | 1324 gold pieces
 45377 | Elf:3    | Found the +3 crown of Dyrovepreva {rElec Int+2 SInv}
 45635 | Elf:3    | Reached XP level 20. HP: 191/191 MP: 21/21
 46165 | Elf:3    | Identified the amulet of Intukep {Spirit +Inv rF+}
 46719 | Elf:3    | Received a gift from Okawaru
 46720 | Elf:3    | Found the +8 autumn katana {slice, Clar}
 47189 | Elf:3    | Identified the ring of Yesterday {rPois Dex+4 Slay+1}
 47224 | Elf:3    | Received a gift from Okawaru
 47380 | Elf:3    | Identified the +3 robe of Complete Protection {Dex+6}
 47380 | Elf:3    | Identified the amulet "Lughiomo" {Faith Str+2}
 47673 | Elf:3    | Identified the +8 flail of Extinguishment {crush, +Blink
                  | rElec Dex+3}
 47829 | Elf:3    | Identified the Compendium of Confrontation
 47845 | Elf:3    | Found the +6 arbalest "Damnation" {damnation}
 48434 | Vaults:1 | Entered Level 1 of the Vaults
 49455 | Vaults:1 | Received a gift from Okawaru
 49847 | Vaults:1 | Reached skill level 10 in Dodging
 50054 | Vaults:1 | Noticed Asterion
 50054 | Vaults:1 | Noticed Frederick
 50078 | Vaults:1 | Killed Frederick
 50078 | Vaults:1 | Received a gift from Okawaru
 50078 | Vaults:1 | Reached XP level 21. HP: 154/201 MP: 22/22
 50088 | Vaults:1 | Killed Asterion
 50473 | Vaults:1 | Found Icip's Book Shoppe.
 50500 | Vaults:2 | Noticed Mennas
 50525 | Vaults:2 | Killed Mennas
 50584 | Vaults:2 | Found Digiull's Book Emporium.
 50672 | Vaults:2 | Received a gift from Okawaru
 50677 | Vaults:2 | Got a steaming falchion {god gift}
 50690 | Vaults:2 | Found Lyer's Magic Scroll Shoppe.
 50754 | Vaults:2 | Found a flickering gateway to a bazaar.
 50761 | Bazaar   | Entered a bazaar
 50768 | Bazaar   | Found Ryoxoa's Antique Weapon Emporium.
 50779 | Bazaar   | Found Tepucyha's Antique Weapon Shoppe.
 50799 | Bazaar   | Found Joskuq's Antique Armour Emporium.
 50811 | Bazaar   | Found Uggy's Antique Armour Shoppe.
 50838 | Bazaar   | Identified the +5 falchion "Wocsu" {flame, rPois} (Okawaru
                  | gifted it to you on level 2 of the Vaults)
 50856 | Bazaar   | Bought a pair of embroidered gloves for 262 gold pieces
 50919 | Vaults:2 | Got a warped plate armour
 50930 | Vaults:2 | Identified the +4 plate armour of Lior {*Corrode Dex+5}
                  | (You found it on level 2 of the Vaults)
 50966 | Vaults:2 | Bought a scroll of enchant weapon for 75 gold pieces
 50966 | Vaults:2 | Bought a scroll of magic mapping for 35 gold pieces
 50966 | Vaults:2 | Bought a scroll of teleportation for 30 gold pieces
 51709 | Vaults:2 | Found a staircase to the Crypt.
 51912 | Vaults:2 | Received a gift from Okawaru
 52055 | Vaults:2 | Noticed Xtahua
 52062 | Vaults:2 | Killed Xtahua
 52336 | Vaults:2 | Found a shimmering altar of Xom.
 52517 | Vaults:3 | Received a gift from Okawaru
 53270 | Vaults:3 | Identified a +0 pair of boots of running (Okawaru gifted it
                  | to you on level 3 of the Vaults)
 54191 | Vaults:4 | Reached XP level 22. HP: 213/213 MP: 23/23
 55361 | Vaults:4 | Found a roughly hewn altar of Beogh.
 55746 | Vaults:5 | Entered Level 5 of the Vaults
 55767 | Vaults:4 | Received a gift from Okawaru
 55782 | Vaults:4 | Got a crude falchion {god gift}
 55783 | Vaults:4 | Identified the +4 falchion of Okawaru's Delight {vamp,
                  | rElec rPois rF+ Int+2} (Okawaru gifted it to you on level 4
                  | of the Vaults)
 56455 | Vaults:5 | Noticed a golden dragon
 56593 | Vaults:4 | Killed a golden dragon
 56593 | Vaults:4 | Received a gift from Okawaru
 56820 | Vaults:5 | Noticed an ancient lich
 57013 | Vaults:4 | Killed an ancient lich
 57161 | Vaults:5 | Reached XP level 23. HP: 198/223 MP: 24/24
 57303 | Vaults:5 | Identified Sif Muna's Incunabulum of Enchantment and the
                  | Volcanoes
 57421 | Vaults:5 | Received a gift from Okawaru
 57436 | Vaults:5 | Reached skill level 27 in Shields
 58183 | Vaults:5 | Got a silver rune of Zot
 58373 | Vaults:5 | Received a gift from Okawaru
 58651 | Vaults:5 | Got a bloodstained ring mail {god gift}
 58652 | Vaults:5 | Identified the +4 ring mail "Jegron" {rC+ Str+6 Int-5}
                  | (Okawaru gifted it to you on level 5 of the Vaults)
 58776 | Vaults:5 | Identified the +9 battleaxe of Indomitability {protect,
                  | rPois Int-3 Stlth+}
 58917 | Vaults:5 | Noticed an ancient lich
 58929 | Vaults:5 | Killed an ancient lich
 59295 | Vaults:5 | Upgraded the game from 0.24-a0-583-g87330a484a to
                  | 0.24-a0-584-g9d6b971ae4
 60154 | Crypt:1  | Entered Level 1 of the Crypt
 60212 | Crypt:1  | Received a gift from Okawaru
 60251 | Crypt:1  | Got a pitted scimitar {god gift}
 60252 | Crypt:1  | Identified the +7 scimitar of Midwinter {flame, rC+}
                  | (Okawaru gifted it to you on level 1 of the Crypt)
 60983 | Crypt:1  | Got a steaming ring mail
 60984 | Crypt:1  | Identified the +4 ring mail of Noeduirr {Str+4} (You found
                  | it on level 1 of the Crypt)
 61119 | Crypt:2  | Found an ancient bone altar of Kikubaaqudgha.
 61137 | Crypt:2  | Received a gift from Okawaru
 61387 | Crypt:2  | Reached XP level 24. HP: 235/236 MP: 24/24
 61834 | Crypt:2  | Got a crude scimitar
 61835 | Crypt:2  | Identified the +7 scimitar "Sosust" {chaos, rC+ Int+5} (You
                  | found it on level 2 of the Crypt)
 61873 | Crypt:3  | Entered Level 3 of the Crypt
 62054 | D:15     | Entered Level 15 of the Dungeon
 62073 | D:15     | Noticed Agnes
 62078 | D:15     | Killed Agnes
 62149 | D:15     | Found a portal to a secret trove of treasure.
 62223 | D:15     | Noticed Louise
 62230 | D:15     | Killed Louise
 62347 | D:15     | Found a staircase to the Depths.
 62363 | D:15     | Received a gift from Okawaru
 62367 | D:15     | Got a brightly glowing crystal plate armour {god gift}
 62396 | D:15     | Identified the +20 crystal plate armour "Iwo Hix" {rElec
                  | rPois rC+} (Okawaru gifted it to you on level 15 of the
                  | Dungeon)
 62584 | D:15     | Noticed Azrael
 62595 | D:15     | Killed Azrael
 63235 | D:15     | You paid a toll of a +8 demon blade to enter a treasure
                  | trove
 63236 | Trove    | Entered a treasure trove
 63239 | Trove    | Found the +3 pair of gauntlets of War {Slay+5}
 63239 | Trove    | Found the +15 Maxwell's patent armour {-Cast -Tele rElec
                  | MR+ rCorr}
 63242 | Trove    | Got a crude hat
 63253 | Trove    | Identified the +1 hat of Pexegeucs {rC+ Dex+4} (You found
                  | it in a treasure trove)
 63268 | Trove    | Got a dazzling shield
 63274 | Trove    | Identified the +0 shield of Insecurity {Int+2} (You found
                  | it in a treasure trove)
 63328 | Trove    | Got a pair of polished gloves
 63339 | Trove    | Identified the +0 pair of gloves of Theory {rF+ rN+ Str+3
                  | Stlth-} (You found it in a treasure trove)
 63376 | Trove    | Got a spiked scale mail
 63377 | Trove    | Identified the +3 scale mail "Iruynaus" {rF+ Str+5} (You
                  | found it in a treasure trove)
 63861 | Depths:1 | Entered Level 1 of the Depths
 64035 | Depths:1 | Found a gateway to Hell.
 64139 | Depths:1 | Found a one-way gate to the infinite horrors of the Abyss.
 64183 | Depths:1 | Found a one-way gate leading to the halls of Pandemonium.
 64368 | Depths:1 | Found a basalt altar of Yredelemnul.
 64972 | Depths:2 | Found a gateway to a ziggurat.
 65071 | Depths:2 | Received a gift from Okawaru
 65085 | Depths:2 | Paralysed by a great orb of eyes for 6 turns
 65188 | Depths:2 | You fall into a shaft and drop 2 floors!
 65735 | Depths:3 | Found a runed translucent door.
 66018 | Depths:2 | Reached XP level 25. HP: 249/249 MP: 24/24
 66122 | Depths:2 | Paralysed by an ogre mage for 3 turns
 66130 | Depths:2 | Received a gift from Okawaru
 66133 | Depths:2 | Got a scorched plate armour {god gift}
 66134 | Depths:2 | Identified the +9 plate armour of Daffodils {-Cast rC+++
                  | Str-4 Dex+4} (Okawaru gifted it to you on level 2 of the
                  | Depths)
 66151 | Depths:2 | Got an ancient turquoise ring
 66153 | Depths:2 | Identified the ring of Equivalence {+Blink Str+2 Stlth+}
                  | (You acquired it on level 2 of the Depths)
 66157 | Depths:2 | Got a warped iron amulet
 66158 | Depths:2 | Identified the amulet "Saucoc" {RegenMP +Blink rN+ MR-}
                  | (You acquired it on level 2 of the Depths)
 66166 | Depths:2 | Got a scintillating iron amulet
 66167 | Depths:2 | Identified the amulet of Xuel {rElec Regen+ Str+2} (You
                  | acquired it on level 2 of the Depths)
 67104 | Depths:3 | Paralysed by an orc sorcerer for 2 turns
 67175 | Depths:3 | Paralysed by a deep elf mage for 2 turns
 67651 | Depths:3 | Received a gift from Okawaru
 67661 | Depths:3 | Noticed a juggernaut
 67673 | Depths:3 | Killed a juggernaut
 68111 | Depths:3 | Got a jewelled cloak
 68136 | Depths:3 | Identified the +2 cloak of Greed {*Corrode rElec MR+} (You
                  | found it on level 3 of the Depths)
 68141 | Depths:3 | Got a steaming dagger {god gift}
 68142 | Depths:3 | Identified the +2 dagger of Ighupp {speed, rF+ Str+3 Int+3}
                  | (Okawaru gifted it to you on level 3 of the Depths)
 68345 | Depths:3 | Received a gift from Okawaru
 68354 | Depths:3 | Got a transparent long sword {god gift}
 68355 | Depths:3 | Identified the +6 long sword "Sukumoaf" {protect, *Noise
                  | rElec Dex+2} (Okawaru gifted it to you on level 3 of the
                  | Depths)
 69118 | Depths:4 | Paralysed by a lich for 2 turns
 69288 | Depths:4 | Received a gift from Okawaru
 69371 | Depths:4 | Paralysed by a vampire knight for 4 turns
 69997 | Depths:5 | Entered Level 5 of the Depths
 70025 | Depths:5 | Reached XP level 26. HP: 264/264 MP: 24/24
 70285 | Depths:5 | Noticed Jory
 70300 | Depths:5 | Killed Jory
 70321 | Depths:5 | Reached skill level 1 in Throwing
 70321 | Depths:5 | Reached skill level 1 in Unarmed Combat
 70321 | Depths:5 | Reached XP level 27. HP: 208/271 MP: 24/24
 70770 | Depths:5 | Found a gate to the Realm of Zot.
 70789 | Depths:5 | Received a gift from Okawaru
 70789 | Depths:5 | Reached skill level 27 in Fighting
 70790 | Depths:5 | Found the +8 orange crystal plate armour {Archmagi, Int+3
                  | Clar}
 72000 | Crypt:3  | Reached skill level 27 in Long Blades
 72072 | Crypt:3  | Noticed Boris
 72085 | Crypt:3  | Killed Boris
 72153 | Crypt:3  | Found a staircase to the Tomb.
 72153 | Crypt:3  | Noticed a greater mummy
 72170 | Crypt:3  | Killed a greater mummy
 72638 | Crypt:3  | Found an ancient bone altar of Kikubaaqudgha.
 72806 | Crypt:3  | Noticed an ancient lich
 72808 | Crypt:3  | Found the +1 cloak of Starlight {rElec rC+ EV+4 Stlth--}
 72819 | Crypt:3  | Killed an ancient lich
 72821 | Crypt:3  | Noticed an ancient lich
 72836 | Crypt:3  | Killed an ancient lich
 72836 | Crypt:3  | Received a gift from Okawaru
 72852 | Crypt:3  | Got a jewelled mace
 72853 | Crypt:3  | Identified the +4 mace of the Sky {freeze, rPois rF+ MP-9
                  | Int+4} (You found it on level 3 of the Crypt)
 72856 | Crypt:3  | Identified the Reference Book on Frigorific Feathers
 72861 | Crypt:3  | Reached skill level 1 in Spellcasting
 73346 | Crypt:3  | Got a shimmering wooden ring
 73350 | Crypt:3  | Identified the ring of Patience {rC+ rN+} (You found it on
                  | level 3 of the Crypt)
 73356 | Crypt:3  | Got a faintly glowing steel ring
 73358 | Crypt:3  | Identified the ring "Syawniwn" {rPois rN+ Int+3} (You found
                  | it on level 3 of the Crypt)
 73361 | Crypt:3  | Got a fine lapis lazuli ring
 73363 | Crypt:3  | Identified the ring of Temptation {*Drain rElec rN+ Str+4
                  | Int+2} (You found it on level 3 of the Crypt)
 74499 | Zot:1    | Entered Level 1 of the Realm of Zot
 74523 | Zot:1    | Noticed an ancient lich
 74538 | Zot:1    | Killed an ancient lich
 74820 | Zot:1    | Noticed an orb of fire
 74831 | Zot:1    | Killed an orb of fire
 74843 | Zot:1    | Received a gift from Okawaru
 74876 | Zot:1    | Got a crude ring mail
 74885 | Zot:1    | Identified the +4 ring mail of Trial and Error {Str+4 Dex-2
                  | SInv} (You found it on level 1 of the Realm of Zot)
 74945 | Zot:1    | Noticed an orb of fire
 74965 | Zot:1    | Killed an orb of fire
 75120 | Zot:1    | Reached skill level 5 in Invocations
 76008 | Hell     | Entered the Vestibule of Hell
 76008 | Hell     | Noticed Geryon
 76025 | Hell     | Noticed Murray
 76244 | Depths:5 | Killed Murray
 76306 | Hell     | Killed Geryon
 76306 | Hell     | Received a gift from Okawaru
 77677 | Zot:2    | Identified the +4 dragonskin cloak
 77677 | Zot:2    | Noticed Tiamat
 77693 | Zot:2    | Received a gift from Okawaru
 77707 | Zot:2    | Reached skill level 27 in Armour
 77727 | Zot:2    | Killed Tiamat
 77727 | Zot:2    | Reached skill level 5 in Evocations
 78632 | Zot:3    | Received a gift from Okawaru
 78653 | Zot:3    | Reached skill level 10 in Invocations
 79236 | Zot:3    | Got a twisted scale mail
 79253 | Zot:3    | Identified the +1 scale mail "Xoacwita" {rF- Slay+5} (You
                  | found it on level 3 of the Realm of Zot)
 79574 | Zot:3    | Received a gift from Okawaru
 81114 | Pan      | Entered Pandemonium
 81149 | Pan      | Gained mutation: You are clumsy. (Dex -2) [a cacodemon]
 81204 | Pan      | HP: 7/245 [monstrous warmonger (23)]
 81204 | Pan      | Mangled by a monstrous warmonger

Levels and vault maps discovered:
D:1:      minmay_arrival_jagged, layout_basic
D:2:      layout_rooms, first_ration
D:3:      minmay_diamond_boxcup, layout_basic, nicolae_tso_swordbearing_angel,
          nicolae_overflow_crystal_walls
D:4:      cheibrodos_barr_body, layout_cave_pools, kennysheep_mini,
          serial_shops, shop, gammafunk_ghost_mausoleum
D:5:      layout_basic, uniq_duvessa, uniq_menkaure, uniq_crazy_yiuf_cottage,
          uniq_sigmund
D:6:      layout_loops_ring, fiery_altar_vehumet, dancing_weapons_uskayaw
D:7:      layout_basic, lemuel_crystal_altar, minmay_temple_entry_grid,
          the_bakery
D:8:      kennysheep_ambush_hall, layout_loops_cross, okawaru_altar_gauntlet_db,
          minmay_lair_entry_lava, special_room [special_room_orc]
D:9:      minmay_the_grid_four_pointed_star_mashed
          [minmay_the_grid_triangle_9x9_negative_grid,
          minmay_the_grid_triangle_9x9_flanged_cone,
          minmay_the_grid_triangle_9x9_pentomino_pain,
          minmay_the_grid_triangle_9x9_checkered,
          minmay_the_grid_prize_inner_circle], layout_gridville, minitemple,
          tgw_sif, gammafunk_temple_overflow_statue, serial_shops,
          nicolae_shop_overgrown_old_shop, roderic_lattice_a,
          fedhas_ov_isle_minmay
D:10:     layout_roguey, special_room [special_room_bee], serial_shops,
          nicolae_shop_competitors_out_of_business, shop_fountains, uniq_sonja,
          uniq_nergalle, uniq_erolcha
D:11:     layout_cave_pods, hangedman_ru_absence
D:12:     layout_grid_maze, minmay_orc_entry_temple_small,
          minmay_increasing_density
D:13:     layout_basic, trog_ov_bears_minmay
D:14:     layout_rooms, grunt_vaults_entry_tiered, special_room
          [special_room_mythical_zoo], minmay_misc_feat_four_crosses,
          minmay_shattered_shrine
D:15:     grunt_enter_depths_giant_problem, layout_loops_ring,
          hangedman_decor_slide_cut, enter_trove_5, uniq_azrael, uniq_louise,
          uniq_agnes
Temple:   pf_slimified_temple
Lair:1:   dpeg_oklob_gauntlet, layout_cave_shapes, infiniplex_staircase_pool_2,
          lemuel_fruit_tree
Lair:2:   layout_gridlike, hibernation_bobbens
Lair:3:   mu_elephants_graveyard, layout_misc_corridors,
          guppyfry_snake_entry_island, beast_lair_carwin_2
Lair:4:   layout_loops_ring, minmay_shoals_entry_hut, infiniplex_staircase_pool,
          grunt_megastairs_4, uniq_nessos
Lair:5:   wander_river, layout_small_grid, small_statue_intersection,
          wad_woods_road_02, st_stairs_3, beast_lair_carwin_7, uniq_snorg
Lair:6:   minmay_lair_end_frog_pond, layout_regular_city, slime_altar_2,
          eino_small_chamber_without_monster, uniq_rupert
Shoals:1: layout_shoals, portal_ice_cave_entry_pillars_2, uniq_josephine
Shoals:2: layout_shoals, uniq_jorgrun
Shoals:3: layout_shoals, gammafunk_ghost_tricky_traps, uniq_polyphemus
Shoals:4: shoals_end_grunt_ice, layout_shoals
Snake:1:  cheibrodos_snake_lava_hold, layout_onion_interference,
          minmay_snake_pond
Snake:2:  layout_misc_corridors
Snake:3:  layout_onion_interference, basic_altar
Snake:4:  grunt_snake_rune_serpentine_throne, layout_cave_town,
          fake_guardian_serpent_vault, serial_bayou_shore_a
Orc:1:    layout_caves, nicolae_orc_lava_tube
Orc:2:    st_orc_congregation, layout_caves, serial_shops,
          nicolae_shop_statue_plus, abandoned_shop
Elf:1:    eino_elf_arrival_the_gate, layout_geoelf_grid, serial_shops, shop,
          basic_altar, minmay_elf_demonology, ebering_dispersal_statue_hall
Elf:2:    layout_geoelf_grid, special_room [special_room_orc]
Elf:3:    minmay_elf_hall_golems, layout_geoelf_octagon, serial_shops,
          nicolae_shop_stone
Vaults:1: vaults_dpeg_doors, grunt_vaults_swirl, sword_in_stone,
          hangedman_vaults_snaps, v_misc_22,
          hangedman_vaults_stretched_pinwheel,
          nicolae_vaults_windows_and_doors_thing, nicolae_vaults_theta,
          hangedman_vaults_river_flow, v_misc_29, nicolae_vaults_rhombus_6,
          hangedman_vaults_nodes, v_misc_24, v_misc_19, vaults_room_semicircle,
          ontoclasm_vaults_twist, nicolae_vaults_theta, layout_vaults_maze,
          serial_shops, nicolae_shop_crystal
Vaults:2: nicolae_vaults_stairing_the_circle, minmay_crypt_entry_simple_box,
          hangedman_vaults_trim, nicolae_vaults_c_with_doors,
          nicolae_vaults_angled_halls, ontoclasm_vaults_claustrophobia,
          nicolae_vaults_little_squares_6, vaults_dpeg_encased_lava,
          hangedman_vaults_maws, nicolae_vaults_asterisk,
          layout_vaults_omnigrid, serial_shops, bzr_entry_islet, shop, shop,
          basic_altar, uniq_mennas, uniq_asterion, uniq_xtahua
Vaults:3: ontoclasm_vaults_ring_small, v_misc_19, ontoclasm_vaults_ring_large,
          nicolae_vaults_little_squares_4, v_misc_23, st_smaller_cells,
          ontoclasm_vaults_eye, nicolae_vaults_mini_display_case,
          layout_vaults_big_room
Vaults:4: nicolae_vaults_network_quinsquares
          [nicolae_vaults_network_quincunx_subvault,
          nicolae_vaults_network_quincunx_subvault,
          nicolae_vaults_network_quincunx_subvault,
          nicolae_vaults_network_quincunx_subvault], hangedman_vaults_locks,
          ontoclasm_vaults_fault, nicolae_vaults_puzzle_piece,
          ontoclasm_vaults_loading_screen, hangedman_vaults_impose,
          nicolae_vaults_angled_halls, special_room_vaults [special_room_orc],
          v_misc_22, v_misc_11, hangedman_vaults_pinch, layout_vaults_omnicross
Vaults:5
Crypt:1:  layout_chaotic_city, minmay_misc_feat_columns
Crypt:2:  layout_misc_corridors, basic_altar
Crypt:3:  evilmike_haunted_forest, uniq_boris
Depths:1: layout_forbidden_donut, chequers_decorated_corner,
          rand_demon_pan_entry_5, hellmouth_3, abyss_entry_glasseish,
          hangedman_blasphemy
Depths:2: kennysheep_room_grid, layout_gridville, enter_ziggurat_c,
          minmay_room_of_horrors, chequers_serial_rivers_small_3,
          hangedman_coc_ice_floe, rand_demon_pan_entry_8
Depths:3: box_level_dp, hell_entry, pan_entry
Depths:4: minmay_imperfect_grid, layout_small_grid, abyss_entry, hellmouth_1,
          chequers_serial_rivers_large_a, grunt_pan_entry_in_and_out,
          kennysheep_generic_room_8
Depths:5: grunt_bruiser_brothers, layout_cave_shapes, patterned_corridor,
          pan_entry, hell_entry, abyss_entry, uniq_jory
Hell
Zot:1:    layout_onion_interference, hangedman_player_shredder
Zot:2:    layout_concentric_octagons, st_stairs_12, uniq_tiamat
Zot:3:    lemuel_draconian_sentries, layout_cathedral_of_symmetry, st_stairs_4
Pan:      rand_demon_5, layout_grid_shapes

Skill      XL: |  1  2  3  4  5  6  7  8  9 10 11 12 13 14 15 16 17 18 19 20 21 22 23 24 25 26 27 |
---------------+----------------------------------------------------------------------------------+-----
Shields        | 4 5 6 7 8 9 11 13 15 16 18 19 21 22 23 24 25 26 27 | 27.0
Fighting       | 4 5 6 7 9 10 11 12 13 15 16 17 18 19 20 21 22 23 25 26 27 | 27.0
Armour         | 4 5 6 7 9 10 11 12 13 14 15 16 17 18 19 20 27 | 27.0
Long Blades    | 3 4 6 7 9 10 12 13 14 15 16 17 18 19 20 21 22 23 25 26 27 | 27.0
Dodging        | 1 2 3 4 5 6 7 8 9 10 11 12 | 12.0
Stealth        | 1 2 3 4 |  4.3
Invocations    | 1 2 3 12 | 12.0
Evocations     | 1 3 8 |  8.7
Polearms       | 1 2 |  2.8
Throwing       | 1 2 |  2.1
Unarmed Combat | 1 2 |  2.3
Spellcasting   | 1 |  1.3

Action                   |  1- 3 |  4- 6 |  7- 9 | 10-12 | 13-15 | 16-18 | 19-21 | 22-24 | 25-27 || total
-------------------------+-------+-------+-------+-------+-------+-------+-------+-------+-------++-------
Melee: Long sword        |    79 |   183 |   327 |   733 |       |       |       |       |     7 ||  1329
       Headbutt          |    10 |    38 |    58 |   191 |   471 |   540 |   426 |   662 |   792 ||  3188
       Scimitar          |       |       |       |   222 |   326 |       |       |       |       ||   548
       Demon blade       |       |       |       |       |  1124 |  1167 |       |       |       ||  2291
       Trident           |       |       |       |       |    30 |       |       |       |       ||    30
       Double sword      |       |       |       |       |       |   366 |   547 |     7 |   129 ||  1049
       Katana            |       |       |       |       |       |       |   710 |  1555 |  1711 ||  3976
Invok: Heroism           |       |       |       |    10 |    12 |     8 |     3 |       |     5 ||    38
       Finesse           |       |       |       |       |     1 |       |       |       |       ||     1
 Abil: Evoke Blink       |       |       |       |       |       |       |       |       |     2 ||     2
       Evoke Flight      |       |       |       |       |       |       |       |       |     2 ||     2
Evoke: Wand              |       |       |       |    21 |     7 |     6 |       |       |     5 ||    39
  Use: Scroll            |       |     6 |     5 |    11 |    13 |     4 |    14 |    13 |    36 ||   102
       Potion            |       |       |     2 |     3 |       |     6 |     1 |     2 |     3 ||    17
 Stab: Distracted        |       |       |       |       |       |       |       |     1 |       ||     1
  Eat: Chunk             |       |     6 |     6 |    25 |    31 |    43 |    26 |    20 |    33 ||   190
       Ration            |       |       |     2 |     3 |     3 |     2 |     3 |     5 |     5 ||    23
Armor: Scale mail        |    46 |    15 |       |       |       |       |       |       |       ||    61
       Plate armour      |       |    60 |   155 |   444 |     1 |    50 |       |       |       ||   710
       Chain mail        |       |     4 |       |       |   426 |   414 |   282 |   153 |       ||  1279
       Fire dragon scale |       |       |       |       |     1 |       |       |       |       ||     1
       Pearl dragon scal |       |       |       |       |       |       |       |    46 |       ||    46
       Crystal plate arm |       |       |       |       |       |       |       |   231 |   983 ||  1214
Dodge: Dodged            |    17 |    39 |    44 |   238 |   441 |   669 |   494 |   617 |   864 ||  3423
       Deflected         |       |       |       |       |    21 |       |       |       |       ||    21
Block: Shield            |    37 |   103 |   178 |   584 |   984 |  1469 |  1063 |  1502 |  1851 ||  7771
       Rpst.: Long sword |     7 |     7 |    15 |    44 |       |       |       |       |       ||    73
       Scimitar          |       |       |       |    12 |    15 |       |       |       |       ||    27
       Demon blade       |       |       |       |       |    74 |   101 |       |       |       ||   175
       Double sword      |       |       |       |       |       |    19 |    35 |     1 |    10 ||    65
       Katana            |       |       |       |       |       |       |    49 |   124 |   138 ||   311

Table legend:
 A = Non-vault XP
 B = Vault XP
 C = Vault XP percentage of total XP
 D = Non-vault monster count
 E = Vault monster count
 F = Vault count percentage of total count
                 A         B        C        D         E       F
            +---------+---------+-------+---------+---------+-------
      Total |  910886 |  885160 |  49.3 |    1595 |    1212 |  43.2
            +---------+---------+-------+---------+---------+-------
        D:1 |      40 |       0 |   0.0 |      21 |       0 |   0.0
        D:2 |     108 |       0 |   0.0 |      28 |       0 |   0.0
        D:3 |     309 |      23 |   6.9 |      30 |       7 |  18.9
        D:4 |     158 |     561 |  78.0 |      10 |      11 |  52.4
        D:5 |     682 |     665 |  49.4 |      24 |       5 |  17.2
        D:6 |     490 |       0 |   0.0 |      15 |       0 |   0.0
        D:7 |    1731 |     355 |  17.0 |      25 |       4 |  13.8
        D:8 |     776 |    2536 |  76.6 |      16 |      36 |  69.2
        D:9 |    2251 |    3728 |  62.4 |      19 |      24 |  55.8
       D:10 |    3806 |    3988 |  51.2 |      21 |      20 |  48.8
       D:11 |    6581 |       0 |   0.0 |      51 |       0 |   0.0
       D:12 |    6814 |     986 |  12.6 |      41 |      15 |  26.8
       D:13 |   13546 |     576 |   4.1 |      57 |       2 |   3.4
       D:14 |   11066 |   18932 |  63.1 |      31 |      57 |  64.8
       D:15 |    9453 |    8515 |  47.4 |      30 |       9 |  23.1
     Lair:1 |    2614 |    1619 |  38.2 |      11 |       3 |  21.4
     Lair:2 |    1857 |     855 |  31.5 |       7 |       2 |  22.2
     Lair:3 |    7314 |   12850 |  63.7 |      19 |      30 |  61.2
     Lair:4 |    5058 |    1595 |  24.0 |      14 |       3 |  17.6
     Lair:5 |    5942 |   10354 |  63.5 |      18 |      20 |  52.6
     Lair:6 |    7849 |   11347 |  59.1 |      26 |      46 |  63.9
   Shoals:1 |   26765 |    2105 |   7.3 |      54 |       6 |  10.0
   Shoals:2 |    9393 |    3113 |  24.9 |      15 |       1 |   6.2
   Shoals:3 |   17608 |   20695 |  54.0 |      40 |      20 |  33.3
   Shoals:4 |   11876 |   16372 |  58.0 |      26 |      24 |  48.0
    Snake:1 |   12134 |    6867 |  36.1 |      23 |      18 |  43.9
    Snake:2 |   22862 |       0 |   0.0 |      36 |       0 |   0.0
    Snake:3 |   23595 |       0 |   0.0 |      40 |       0 |   0.0
    Snake:4 |   22888 |   45570 |  66.6 |      40 |      64 |  61.5
      Orc:1 |    2249 |    5135 |  69.5 |      41 |       9 |  18.0
      Orc:2 |    2054 |    6479 |  75.9 |      24 |      53 |  68.8
      Elf:1 |   23852 |    7083 |  22.9 |      42 |      11 |  20.8
      Elf:2 |    7215 |   33422 |  82.2 |      13 |      53 |  80.3
      Elf:3 |   15031 |   56761 |  79.1 |      29 |      39 |  57.4
   Vaults:1 |    7381 |   36643 |  83.2 |      14 |      34 |  70.8
   Vaults:2 |   23279 |   41046 |  63.8 |      35 |      44 |  55.7
   Vaults:3 |   22160 |   12955 |  36.9 |      46 |      15 |  24.6
   Vaults:4 |   38683 |   72834 |  65.3 |      52 |      77 |  59.7
   Vaults:5 |   38446 |   81855 |  68.0 |      67 |      54 |  44.6
    Crypt:1 |   34529 |       0 |   0.0 |      46 |       0 |   0.0
    Crypt:2 |   27344 |       0 |   0.0 |      41 |       0 |   0.0
    Crypt:3 |       0 |   88022 | 100.0 |       0 |     114 | 100.0
   Depths:1 |   36060 |   14549 |  28.7 |      52 |      27 |  34.2
   Depths:2 |   24331 |   19284 |  44.2 |      28 |      30 |  51.7
   Depths:3 |   30700 |   68513 |  69.1 |      37 |      68 |  64.8
   Depths:4 |   60305 |   45768 |  43.1 |      57 |      45 |  44.1
   Depths:5 |   26484 |   28128 |  51.5 |      28 |      18 |  39.1
       Hell |    7610 |   10231 |  57.3 |       9 |      10 |  52.6
      Zot:1 |   87226 |   45824 |  34.4 |      49 |      18 |  26.9
      Zot:2 |   76100 |   23259 |  23.4 |      45 |      11 |  19.6
      Zot:3 |   71679 |    3618 |   4.8 |      40 |       3 |   7.0
        Pan |   12602 |       0 |   0.0 |      12 |       0 |   0.0
      IceCv |       0 |    9544 | 100.0 |       0 |      52 | 100.0
            +---------+---------+-------+---------+---------+-------
